 Dungeon Crawl Stone Soup version 0.31-a0-702-gf82c85558f (webtiles) character file.

Game seed: 16745240705471751301

1195 qw the Skirmisher (level 8, -1/51 HPs)
             Began as a Gargoyle Hunter on Sept 8, 2023.
             Slain by a warg (9 damage)
             ... on level 6 of the Dungeon.
             The game lasted 00:02:19 (4046 turns).

qw the Skirmisher (Gargoyle Hunter)                 Turns: 4046, Time: 00:02:19

Health: -1/51      AC: 12    Str: 16    XL:     8   Next: 44%
Magic:  8/8        EV: 11    Int:  9    God:
Gold:   278        SH:  0    Dex: 15    Spells: 7/7 levels left

rFire   . . .        Y - +0 arbalest
rCold   . . .        (shield currently unavailable)
rNeg    + . .        a - +0 ring mail
rPois   inf          (no helmet)
rElec   +            (no cloak)
rCorr   .            (no gloves)
SInv    .            f - +0 pair of boots
Will    .....        (no amulet)
Stlth   +            (no ring)
HPRegen 0.28/turn    (no ring)
MPRegen 0.11/turn

%: no passive effects
@: about to teleport
A: sickness immunity, AC +5, negative energy resistance 1, electricity
resistance, torment resistance 1, petrification resistance
a: no special abilities


You were on level 6 of the Dungeon.
You visited 2 branches of the dungeon, and saw 7 of its levels.

You collected 348 gold pieces.
You spent 70 gold pieces at shops.


Innate Abilities, Weirdness & Mutations

You are immune to sickness and miasma.
Your stone body is resilient. (AC +5)
You are immune to poison.
You resist negative energy. (rN+)
You are resistant to electric shocks. (rElec)
You are resistant to unholy torment.
You are immune to petrification.


   Skills:
 + Level 5.8 Fighting
 - Level 9.0 Ranged Weapons
 - Level 2.0 Armour
 - Level 2.0 Dodging
 - Level 1.1 Stealth


You had 7 spell levels left.
You didn't know any spells.
Your spell library was empty.

Inventory:

Hand Weapons
 Y - a +0 arbalest (weapon)
Armour
 a - a +0 ring mail (worn)
 f - a +0 pair of boots (worn)
 m - a +0 helmet
Scrolls
 e - 3 scrolls of teleportation
 g - a scroll of identify
Potions
 b - 3 potions of might
 c - a potion of enlightenment
 d - 2 potions of curing
 h - a potion of degeneration {unknown}
 i - a potion of heal wounds {unknown}
 j - a potion of magic {unknown}
 k - a potion of mutation {unknown}
 l - 2 potions of haste

Dungeon Overview and Level Annotations

Branches:
Dungeon (6/15)             Temple (1/1) D:4

Altars:
Ashenzari
Cheibriados
Elyvilon
Fedhas
Kikubaaqudgha
Makhleb
Nemelex Xobeh
Ru
Sif Muna
Trog
Uskayaw
Vehumet
Wu Jian
Xom
Yredelemnul
Zin
The Shining One

Shops:
D:5 *


Message History

You shoot a bolt. The orc priest shouts!
The bolt hits the howler monkey.
The howler monkey is lightly wounded.
The howler monkey hits you.
You shoot a bolt.
The bolt closely misses the howler monkey.
The howler monkey hits you.
A warg comes into view.
You shoot a bolt. The bolt closely misses the warg.
The warg howls!
The bolt hits the plant!
The plant begins to die.
The plant is lightly damaged.
The warg bites you!
The howler monkey hits you but does no damage.
The warg bites you but does no damage.
The howler monkey hoots and howls with incredible vigour!
You hear a howl!
You hear a shout!
You hear a howl!
You shoot a bolt. The bolt closely misses the warg.
The bolt hits the plant!
The plant is lightly damaged.
The warg bites you!
The howler monkey hits you but does no damage.
The warg closely misses you. The howler monkey hits you.
A hound comes into view.
You shoot a bolt. The bolt barely misses the warg.
The bolt hits the plant!
The plant is moderately damaged.
A nearby plant withers and dies.
The warg barely misses you. The howler monkey closely misses you.
The warg bites you.
The howler monkey hits you but does no damage.
4045 |||
Found retreat position at 2,5 (floor) with 0 blocking monsters and 3 monsters attacking at destination at distance 5
Enter note:
4045 ||| Stepping ~*~*~tactically~*~*~ (retreating).
The howler monkey hits you. The warg bites you.
Enter note:
4046 |||
Found retreat position at 3,4 (floor) with 0 blocking monsters and 3 monsters attacking at destination at distance 4
4046 ||| READING 4 scrolls of teleportation.
As you read the scroll of teleportation, it crumbles to dust.
You feel strangely unstable. The howler monkey barely misses you.
The warg bites you!
You die...

####################
#...........h.......
#....P.....@h.h....P
#....~~~~~~~~~~h~~~~
#....~~~~~~~~~~~~~~~
#....~~#####~~~~~~~~
#....~~#OOo#........
#...P~~#.o.#########
#....~~###+#
#....~~~.#
#.P..~~~.#


You could see 2 wargs, 2 ogres, a howler monkey, a hound and an orc priest.

Vanquished Creatures
  Menkaure (D:5)
  A water moccasin (D:4)
  An ogre (D:5)
  A centaur (D:5)
  A phantom (D:4)
  3 scorpions
  A jelly (D:4)
  2 orc priests
  3 hounds
  4 orc wizards
  An iguana (D:4)
  3 gnolls
  6 adders
  A river rat (D:5)
  A shadow imp (D:5)
  A white imp (D:5)
  3 ufetubi
  A worm (D:4)
  4 dart slugs
  15 orcs
  9 ball pythons
  An endoplasm (D:4)
  3 giant cockroaches
  12 goblins
  8 hobgoblins
  7 jackals
  5 kobolds
  4 quokkas
  6 bats
  3 frilled lizards
  8 rats
120 creatures vanquished.

Notes
Turn   | Place    | Note
-------+----------+-------------------------------------------
     0 | D:1      | qw the Gargoyle Hunter began the quest for the Orb.
     0 | D:1      | Reached XP level 1. HP: 12/12 MP: 1/1
     0 | D:1      | 0 ||| qw: Version: 0.3-a-76-g4403597
     0 | D:1      | 0 ||| qw: Game counter: 967
     0 | D:1      | 0 ||| qw: Melee chars always use a shield: true
     0 | D:1      | 0 ||| qw: God list: Okawaru
     0 | D:1      | 0 ||| qw: Allow faded altars: false
     0 | D:1      | 0 ||| qw: Do Orc after clearing Dungeon:15 true
     0 | D:1      | 0 ||| qw: Do second Lair branch before Depths: true
     0 | D:1      | 0 ||| qw: Lair rune preference: random
     0 | D:1      | 0 ||| qw: Goals: Normal
     0 | D:1      | 0 ||| PLANNING D:1-11
    18 | D:1      | Found a faded altar of an unknown god.
   154 | D:1      | Reached XP level 2. HP: 15/17 MP: 2/2
   413 | D:1      | Reached XP level 3. HP: 21/21 MP: 3/3
   584 | D:1      | Reached skill level 5 in Ranged Weapons
   680 | D:1      | 680 ||| READING 2 scrolls labelled VEG QOM DIMN.
   681 | D:1      | 681 ||| READING scroll of enchant weapon.
   681 | D:1      | 681 ||| ENCHANTING +1 shortbow.
   682 | D:1      | 682 ||| READING 2 scrolls labelled HICRON DYPS.
   685 | D:1      | 685 ||| READING scroll labelled PIEBLA TAUMOCIUXTE.
   686 | D:1      | 686 ||| READING 2 scrolls labelled REXAASMOLUU.
   687 | D:1      | 687 ||| READING scroll labelled AZESOP NOBULY.
   688 | D:1      | 688 ||| READING scroll labelled TYAS KUEQAI.
   689 | D:1      | 689 ||| DROPPING scroll of butterflies.
   736 | D:2      | 736 ||| SWAPPING to +0 arbalest.
   737 | D:2      | 737 ||| DROPPING +2 shortbow.
   861 | D:2      | Reached skill level 3 in Fighting
  1082 | D:2      | Reached XP level 4. HP: 28/28 MP: 4/4
  1117 | D:2      | 1117 ||| READING 2 scrolls of identify.
  1117 | D:2      | 1117 ||| IDENTIFYING pink potion
  1321 | D:3      | Found a hide-covered altar of Uskayaw.
  1673 | D:3      | 1673 ||| READING scroll labelled GOGUKOF ARAETU.
  1674 | D:3      | 1674 ||| READING 2 scrolls of identify.
  1674 | D:3      | 1674 ||| IDENTIFYING sedimented green potion
  1757 | D:4      | Noticed a scorpion
  1759 | D:4      | Killed a scorpion
  1760 | D:4      | Reached skill level 6 in Ranged Weapons
  1760 | D:4      | Reached XP level 5. HP: 32/32 MP: 5/5
  1772 | D:4      | Found a staircase to the Ecumenical Temple.
  1773 | D:4      | 1773 ||| PLANNING TEMPLE
  1789 | Temple   | Entered the Ecumenical Temple
  1790 | Temple   | 1790 ||| PLANNING D:1-11
  1827 | D:4      | Reached XP level 6. HP: 38/38 MP: 6/6
  2125 | D:4      | Reached skill level 7 in Ranged Weapons
  2381 | D:4      | 2381 ||| UPGRADING to +0 ring mail.
  2391 | D:4      | 2391 ||| DROPPING +0 leather armour.
  2392 | D:4      | 2392 ||| READING scroll labelled VIXYIM AVOJE.
  2393 | D:4      | 2393 ||| READING 2 scrolls of identify.
  2393 | D:4      | 2393 ||| IDENTIFYING silvery potion
  2394 | D:4      | 2394 ||| DROPPING potion of brilliance.
  2437 | D:5      | Entered Level 5 of the Dungeon
  2438 | D:5      | 2438 ||| PLANNING SEWER
  2440 | D:5      | 2440 ||| STAIRDANCE
  2443 | D:4      | Reached skill level 1 in Armour
  2455 | D:5      | Noticed a water moccasin
  2456 | D:5      | 2456 ||| STAIRDANCE
  2462 | D:5      | 2462 ||| STAIRDANCE
  2478 | D:4      | Killed a water moccasin
  2479 | D:4      | Reached XP level 7. HP: 31/43 MP: 7/7
  2524 | D:5      | 2524 ||| STAIRDANCE
  2532 | D:5      | 2532 ||| STAIRDANCE
  2847 | D:5      | Found Uxoniqoh's General Store.
  2853 | D:5      | 2853 ||| SHOPLISTING +6 ring of dexterity (504 gold, have
                  | 304).
  2853 | D:5      | 2853 ||| BUYING potion of enlightenment (70 gold).
  2853 | D:5      | Bought a potion of enlightenment for 70 gold pieces
  2853 | D:5      | 2853 ||| SHOPLISTING ring of willpower (350 gold, have
                  | 234).
  2914 | D:5      | Found a shimmering blue altar of Sif Muna.
  2923 | D:5      | 2923 ||| DRINKING potion of curing.
  2923 | D:5      | 2923 ||| (to cure confusion)
  2928 | D:5      | 2928 ||| FLEEEEING.
  3028 | D:5      | 3028 ||| Invisibility monster not found???
  3042 | D:5      | 3042 ||| FLEEEEING.
  3075 | D:5      | 3075 ||| RIP SEWER
  3076 | D:5      | 3076 ||| PLANNING D:1-11
  3137 | D:5      | 3137 ||| Invisibility monster not found???
  3171 | D:5      | 3171 ||| FLEEEEING.
  3270 | D:5      | 3270 ||| Invisibility monster not found???
  3283 | D:5      | Reached skill level 8 in Ranged Weapons
  3347 | D:5      | 3347 ||| Stepping ~*~*~tactically~*~*~ (outnumbered).
  3352 | D:5      | 3352 ||| FLEEEEING.
  3360 | D:5      | 3360 ||| FLEEEEING.
  3461 | D:5      | Found an ancient bone altar of Kikubaaqudgha.
  3480 | D:5      | Noticed Menkaure
  3481 | D:5      | 3481 ||| RETREATING.
  3485 | D:5      | 3485 ||| Stepping ~*~*~tactically~*~*~ (outnumbered).
  3487 | D:5      | 3487 ||| Stepping ~*~*~tactically~*~*~ (outnumbered).
  3489 | D:5      | Reached XP level 8. HP: 36/49 MP: 8/8
  3492 | D:5      | Killed Menkaure
  3493 | D:5      | Reached skill level 9 in Ranged Weapons
  3746 | D:5      | 3746 ||| Stepping ~*~*~tactically~*~*~ (water).
  3750 | D:5      | 3750 ||| Stepping ~*~*~tactically~*~*~ (water).
  3790 | D:5      | 3790 ||| UPGRADING to +0 pair of boots.
  3795 | D:5      | 3795 ||| READING scroll labelled TETIESTRITUW.
  3796 | D:5      | 3796 ||| DRINKING 3 inky potions.
  3841 | D:6      | 3841 ||| STAIRDANCE
  3885 | D:6      | 3885 ||| STAIRDANCE
  3895 | D:6      | 3895 ||| STAIRDANCE
  4036 | D:6      | 4036 ||| RETREATING.
  4045 | D:6      | 4045 ||| Stepping ~*~*~tactically~*~*~ (retreating).
  4045 | D:6      | HP: 9/51 [howler monkey (5)]
  4046 | D:6      | 4046 ||| READING 4 scrolls of teleportation.
  4046 | D:6      | Slain by a warg

Levels and vault maps discovered:
D:1:      minmay_arrival_solitary_statue, layout_loops_ring,
          shapermc_ecumenical_altar_petra
D:2:      layout_rooms
D:3:      layout_loops_ring, mainiacjoe_overflow_paths
D:4:      layout_loops_cross, minmay_temple_entry_ruins
D:5:      layout_layer_cave, lemuel_doored_altar, led_sif_book,
          portal_sewer_entry_e, serial_shops, nicolae_shop_rolling_square,
          uniq_menkaure
D:6:      lemuel_castle_with_subvaults [lemuel_castle_interior_carwin_2],
          layout_rooms
Temple:   nicolae_temple_ecumenical_triangle

Skill      XL: |  1  2  3  4  5  6  7  8 |
---------------+-------------------------+-----
Ranged Weapons | 5 6 7 8 9 |  9.0
Fighting       | 3 4 5 |  5.8
Armour         | 1 2 |  2.0
Dodging        | 2 |  2.0
Stealth        | |  1.1

Action                     |  1- 3 |  4- 6 |  7- 9 || total
---------------------------+-------+-------+-------++-------
   Fire: Shortbow          |    67 |       |       ||    67
         Arbalest          |    31 |   132 |   395 ||   558
    Use: Scroll            |     7 |     5 |     2 ||    14
         Potion            |       |       |     2 ||     2
 Armour: Leather armour    |    24 |    44 |       ||    68
         Ring mail         |       |    20 |    64 ||    84
  Dodge: Dodged            |    19 |    71 |    41 ||   131

Table legend:
 A = Non-vault XP
 B = Vault XP
 C = Vault XP percentage of total XP
 D = Non-vault monster count
 E = Vault monster count
 F = Vault count percentage of total count
                 A         B        C        D         E       F
            +---------+---------+-------+---------+---------+-------
      Total |    1389 |     319 |  18.7 |     108 |      12 |  10.0
            +---------+---------+-------+---------+---------+-------
        D:1 |      45 |       0 |   0.0 |      23 |       0 |   0.0
        D:2 |      41 |       0 |   0.0 |      19 |       0 |   0.0
        D:3 |      60 |       0 |   0.0 |      18 |       0 |   0.0
        D:4 |     598 |       0 |   0.0 |      27 |       0 |   0.0
        D:5 |     516 |     277 |  34.9 |      17 |      11 |  39.3
        D:6 |     129 |      42 |  24.6 |       4 |       1 |  20.0
            +---------+---------+-------+---------+---------+-------
